 Dungeon Crawl Stone Soup version 0.19.1-1-g22dce08 (webtiles) character file.

252 dngmouse the Covert (level 5, 0/35 HPs)
             Began as a Vampire Enchanter on Jan 4, 2017.
             Succumbed to Blork the orc's poison
             ... on level 3 of the Dungeon.
             The game lasted 00:12:03 (4980 turns).

dngmouse the Covert (Vampire Enchanter)             Turns: 4980, Time: 00:12:04

Health: 0/35       AC:  3    Str:  7    XL:     5   Next: 89%
Magic:  5/8        EV: 13    Int: 19    God:
Gold:   134        SH:  0    Dex: 14    Spells: 3 memorised, 3 levels left

rFire  . . .     SeeInvis +     a - +1 dagger
rCold  . . .     Gourm    .     b - +1 robe
rNeg   + . .     Faith    .     (no shield)
rPois  .         Spirit   .     (no helmet)
rElec  .         Reflect  .     (no cloak)
rCorr  .         Harm     .     (no gloves)
MR     .....                    (no boots)
Stlth  ++++......               g - amulet of inaccuracy (curse)
                                (no ring)
                                (no ring)

@: lethally poisoned (0 -> -4)
A: fangs 3, see invisible, unbreathing
a: Bat Form


You were on level 3 of the Dungeon.
You were not thirsty.

You visited 1 branch of the dungeon, and saw 3 of its levels.

You collected 134 gold pieces.

Inventory:

Hand Weapons
 a - a +1 dagger (weapon)
Missiles
 f - 3 poisoned javelins (quivered)
 h - 125 stones
 o - 2 tomahawks
Armour
 b - a +1 robe (worn)
 m - a +0 buckler
Jewellery
 g - a cursed amulet of inaccuracy (around neck)
 i - an uncursed amulet of rage {unknown}
 l - an uncursed amulet of magic regeneration {unknown}
 n - a cursed ring of teleportation {unknown}
Scrolls
 q - 2 scrolls of random uselessness
Potions
 d - 2 potions of blood
 e - a potion of agility
 j - a potion of magic {unknown}
 k - a potion of berserk rage {unknown}
Books
 c - a book of Maledictions

   Spells                             Type                      Level
   a - Corona                         Hexes                        1
   b - Ensorcelled Hibernation        Hexes/Ice                    2
   c - Confuse                        Hexes                        3
   d - Tukima's Dance                 Hexes                        3
   e - Dazzling Spray                 Conjuration/Hexes            3


   Skills:
 - Level 0.1 Fighting
 + Level 1.9 Short Blades
 + Level 2.3 Dodging
 * Level 8.9 Stealth
 + Level 2.5 Spellcasting
 + Level 5.0 Hexes
 + Level 0.8 Ice Magic


You had 3 spell levels left.
You knew the following spells:

 Your Spells              Type           Power        Failure   Level  Hunger
a - Ensorcelled Hibernat  Hex/Ice        ##....       10%         2    ##.....
b - Corona                Hex            ###....      1%          1    #......
c - Confuse               Hex            ###.....     8%          3    ###....


Dungeon Overview and Level Annotations

Branches:
Dungeon (3/15)

Altars:
Ashenzari
Nemelex Xobeh

Annotations:
D:3 Blork the orc


Innate Abilities, Weirdness & Mutations

You have razor-sharp teeth.
You have supernaturally acute eyesight. (SInv)
You can survive without breathing.


Message History

Blork the orc hits you from afar with a glaive of venom!
* * * LOW HITPOINT WARNING * * *
You are lethally poisoned!
* * * LOW HITPOINT WARNING * * *
You feel sick.
Blork the orc screams, "I'll break your legs!"
Blork the orc gestures at you while chanting.
The magic dart hits you!
* * * LOW HITPOINT WARNING * * *
* * * LOW HITPOINT WARNING * * *
You feel sick.
Blork the orc frowns.
* * * LOW HITPOINT WARNING * * *
You feel sick.
* * * LOW HITPOINT WARNING * * *
You feel sick.
Yummy - fresh blood!
You are feeling thirsty.
Yummy - fresh blood!
You die...

##.#..##.##.........#* #
.#.#..##.###.......##
.#.#.......###...####
.#...........#...##.##########
.....###.#####...##..........#
.........[..###.############.#
.....###.##.# #..# #.#
.#.......##.# ##.# #.#
.##########.####@# #.#
.########........# #.#
..........#####..# #.#
.####.....# #..###########.#
.# #.###.# #....>)........# #
.# #.###.# #.##.####.###### #
.####..##.#####.##.# #.# #
................##.# #[# #
.#####.####..#####.# #.# #


There were no monsters in sight!

Vanquished Creatures
  A bullfrog zombie (D:3)
  An orc priest (D:3)
  8 adders (D:2)
  2 oozes (D:3)
  An adder skeleton (D:3)
  4 worms
  A dart slug (D:2)
  4 leopard geckos
  9 orcs
  7 giant cockroaches
  9 goblins
  5 hobgoblins
  7 jackals (D:2)
  A ball python (D:3)
  4 bats
  2 frilled lizards (D:2)
  11 kobolds
  4 rats
81 creatures vanquished.

Notes
Turn   | Place    | Note
-------+----------+-------------------------------------------
     0 | D:1      | dngmouse the Vampire Enchanter began the quest for the Orb.
     0 | D:1      | Reached XP level 1. HP: 13/13 MP: 3/3
   457 | D:1      | Reached XP level 2. HP: 13/19 MP: 5/5
   461 | D:1      | Learned a level 2 spell: Ensorcelled Hibernation
   808 | D:1      | Reached skill level 5 in Stealth
  1610 | D:1      | Reached XP level 3. HP: 24/24 MP: 1/6
  1756 | D:2      | Reached skill level 6 in Stealth
  2274 | D:2      | Reached XP level 4. HP: 30/30 MP: 7/7
  2329 | D:2      | Reached skill level 7 in Stealth
  2387 | D:2      | Learned a level 3 spell: Confuse
  2846 | D:3      | Reached XP level 5. HP: 35/35 MP: 8/8
  3488 | D:3      | Reached skill level 8 in Stealth
  3609 | D:3      | Noticed Blork the orc
  4213 | D:3      | Reached skill level 5 in Hexes
  4449 | D:3      | Found a sparkling altar of Nemelex Xobeh.
  4456 | D:3      | Found a shattered altar of Ashenzari.
  4978 | D:3      | HP: 1/35 [poisoned by Blork the orc]
  4980 | D:3      | Succumbed to Blork the orc's poison

Skill      XL: |  1  2  3  4  5 |
---------------+----------------+-----
Stealth        | 5 6 7 8 |  8.9
Hexes          | 5 |  5.0
Fighting       | |  0.1
Short Blades   | |  1.9
Dodging        | |  2.3
Spellcasting   | |  2.5
Ice Magic      | |  0.8

Action                   |  1- 3 |  4- 6 || total
-------------------------+-------+-------++-------
Melee: Dagger            |    91 |   122 ||   213
       Bite              |     4 |     4 ||     8
 Cast: Ensorcelled Hiber |    14 |    38 ||    52
  Use: Potion            |     1 |     6 ||     7
       Scroll            |       |     6 ||     6
 Stab: Sleeping          |    21 |    34 ||    55
       Distracted        |     2 |     1 ||     3
Armor: Robe              |    11 |    34 ||    45
Dodge: Dodged            |    41 |    90 ||   131
